 Dungeon Crawl Stone Soup version 0.20.1-1-g8b1a95d66d (webtiles) character file.

110 MondaySad the Chopper (level 4, -3/40 HPs)
             Began as a Minotaur Berserker on Dec 5, 2017.
             Was a Follower of Trog.
             Killed from afar by a white imp (7 damage)
             ... with a puff of frost
             ... summoned by Natasha
             ... on level 2 of the Dungeon.
             The game lasted 00:01:29 (1174 turns).

MondaySad the Chopper (Minotaur Berserker)          Turns: 1174, Time: 00:01:29

Health: -3/40      AC:  2    Str: 23    XL:     4   Next: 61%
Magic:  3/3        EV: 12    Int:  4    God:    Trog [*.....]
Gold:   75         SH:  4    Dex:  9    Spells: 3/3 levels left

rFire    . . .     SeeInvis .   a - +0 hand axe
rCold    . . .     Gourm    .   d - +0 buckler
rNeg     . . .     Faith    .   b - +0 animal skin
rPois    .         Spirit   .   (helmet restricted)
rElec    .         Reflect  .   (no cloak)
rCorr    .         Harm     .   (no gloves)
MR       ++...                  (no boots)
Stlth    +.........             (no amulet)
Regen    1.2/turn               (no ring)
MPRegen  0.1/turn               (no ring)

@: regenerating, slowed, very slow
A: retaliatory headbutt, horns 2
a: Berserk, Burn Spellbooks, Renounce Religion


You were on level 2 of the Dungeon.
You worshipped Trog.
Trog was aware of your devotion.
You were not hungry.

You visited 1 branch of the dungeon, and saw 2 of its levels.

You collected 75 gold pieces.

Inventory:

Hand Weapons
 a - a +0 hand axe (weapon)
Armour
 b - a +0 animal skin (worn)
 d - a +0 buckler (worn)
Scrolls
 e - 3 scrolls of identify {unknown}
 h - a scroll of fog {unknown}
 i - 2 scrolls of teleportation {unknown}
 j - a scroll of enchant armour {unknown}
 l - a scroll of immolation {unknown}
Potions
 f - a potion of haste {unknown}
 k - 2 potions of curing
 n - a potion of lignification {unknown}
Comestibles
 c - 3 bread rations
 g - a royal jelly
 m - 7 chunks of flesh


   Skills:
 - Level 3.9 Fighting
 + Level 5.3 Axes
 - Level 2.8 Armour
 - Level 2.4 Dodging
 + Level 2.3 Shields


You had 3 spell levels left.
You didn't know any spells.

Dungeon Overview and Level Annotations

Branches:
Dungeon (2/15)

Altars:
Nemelex Xobeh

Annotations:
D:2 Natasha


Innate Abilities, Weirdness & Mutations

You reflexively headbutt those who attack you in melee.
You have a pair of horns on your head.


Message History

You feel somewhat more hungry.
You can no longer call upon Trog for regeneration and protection from hostile enchantments.
Natasha drinks a potion.
Natasha is healed!
The white imp gestures at you. The puff of frost hits you!
You are too injured to fight recklessly!
You are too injured to fight recklessly!
You are too injured to fight recklessly!
You closely miss Natasha. Natasha claws you.
* * * LOW HITPOINT WARNING * * *
The white imp gestures at you. The puff of frost hits you!
* * * LOW HITPOINT WARNING * * *
Natasha closely misses you.
You closely miss Natasha. You headbutt Natasha!
Natasha is heavily wounded.
Natasha misses you. The white imp gestures at you. The puff of frost hits you!
You die...

.......####.....###
#........
###..............#
#....##..
#..#....#......#
##...(##..
#..#....#......#
.......##..
#..#....<....#.#
........##.. ..
#.....###.#.###.........
#.. ...
#.....###.#...(.......
#.. ...
###..............# #..
#........#@.....# ...
#..##?####.h....#
.....##.# #5.....#
###.....# #......#
....... ##...###
........ ..). ..#...
..... ......


You could see Natasha and a white imp.

Vanquished Creatures
  Natasha (twice) (D:2)
  Terence (D:2)
  An adder (D:2)
  A worm (D:2)
  2 leopard geckos
  5 bats
  2 giant cockroaches
  4 goblins (D:1)
  A hobgoblin (D:1)
  2 frilled lizards
  3 kobolds
  3 rats
27 creatures vanquished.

Notes
Turn   | Place    | Note
-------+----------+-------------------------------------------
     0 | D:1      | MondaySad the Minotaur Berserker began the quest for the Orb.
     0 | D:1      | Reached XP level 1. HP: 19/19 MP: 0/0
   165 | D:1      | Reached XP level 2. HP: 27/27 MP: 1/1
   492 | D:2      | Noticed Terence
   502 | D:2      | Killed Terence
   502 | D:2      | Reached skill level 4 in Axes
   502 | D:2      | Reached XP level 3. HP: 21/33 MP: 2/2
   637 | D:2      | Noticed Natasha
   649 | D:2      | Killed Natasha
   649 | D:2      | Reached skill level 5 in Axes
   649 | D:2      | Reached skill level 1 in Shields
   649 | D:2      | Reached XP level 4. HP: 11/40 MP: 3/3
  1014 | D:2      | Noticed Natasha
  1019 | D:2      | Killed Natasha
  1080 | D:2      | Found a sparkling altar of Nemelex Xobeh.
  1155 | D:2      | Reached ** piety under Trog
  1165 | D:2      | Noticed Natasha
  1173 | D:2      | HP: 2/40 [white imp/puff of frost[Natasha] (10)]
  1174 | D:2      | Killed from afar by a white imp

Skill      XL: |  1  2  3  4 |
---------------+-------------+-----
Axes           | 4 5 |  5.3
Shields        | 1 2 |  2.3
Fighting       | |  3.9
Armour         | |  2.8
Dodging        | |  2.4

Action                   |  1- 3 |  4- 6 || total
-------------------------+-------+-------++-------
Melee: Hand axe          |    38 |    17 ||    55
       Headbutt          |     7 |     4 ||    11
Invok: Trog's Hand       |       |     1 ||     1
  Eat: Chunk             |       |     1 ||     1
Armor: Animal skin       |     3 |     3 ||     6
Dodge: Dodged            |    26 |    14 ||    40
Block: Buckler           |       |     1 ||     1
